 Dungeon Crawl Stone Soup version 0.27-a0-54-g64bdb92e38 (webtiles) character file.

Game seed: 17162979166652854033

16 Forecaster the Magician (level 2, -8/22 HPs)
             Began as a Naga Hedge Wizard on Jan 7, 2021.
             Killed from afar by an orc wizard (10 damage)
             ... with a puff of flame
             ... on level 3 of the Dungeon.
             The game lasted 00:02:47 (1273 turns).

Forecaster the Magician (Naga Hedge Wizard)         Turns: 1273, Time: 00:02:48

Health: -8/22      AC:  1    Str: 12    XL:     2   Next: 58%
Magic:  1/6        EV: 10    Int: 14    God:
Gold:   54         SH:  0    Dex: 10    Spells: 4/7 levels left

rFire    . . .     SeeInvis +   a - +0 dagger
rCold    . . .     Faith    .   (no shield)
rNeg     . . .     Spirit   .   b - +0 robe
rPois    +         Reflect  .   c - +0 hat
rElec    .         Harm     .   (no cloak)
rCorr    .         Rampage  .   (no gloves)
Will     .....                  (no barding)
Stlth    ++........             (no amulet)
HPRegen  0.07/turn              (no ring)
MPRegen  0.10/turn              (no ring)

@: very slow
A: large, see invisible, deformed body, poison resistance, slowness 2, spit
poison 1, AC +0
a: Spit Poison


You were on level 3 of the Dungeon.
You visited 1 branch of the dungeon, and saw 3 of its levels.

You collected 54 gold pieces.

Inventory:

Hand Weapons
 a - a +0 dagger (weapon)
Armour
 b - a +0 robe (worn)
 c - a +0 hat (worn)
Scrolls
 e - a scroll of random uselessness {unknown}
 f - a scroll of remove curse {unknown}
 h - a scroll of teleportation {unknown}
 i - a scroll of identify {unknown}
Potions
 d - a potion of haste {unknown}
 g - a potion of flight {unknown}


   Skills:
 + Level 1.6 Dodging
 + Level 3.0 Stealth
 + Level 3.4 Spellcasting
 + Level 1.4 Conjurations
 + Level 1.0 Summonings
 + Level 1.0 Translocations


You had 4 spell levels left.
You knew the following spells:

 Your Spells              Type           Power        Failure   Level
a - Magic Dart            Conj           24%          12%         1
b - Call Imp              Summ           5%           21%         2

Your spell library contained the following spells:

 Spells                   Type           Power        Failure   Level
 Blink                    Tloc           N/A          21%         2
 Slow                     Hex            2%           30%         2
 Conjure Flame            Conj/Fire      4%           43%         3
 Mephitic Cloud           Conj/Pois/Air  3%           45%         3


Dungeon Overview and Level Annotations

Branches:
Dungeon (2/15)

Altars:
Nemelex Xobeh
Xom
Zin


Innate Abilities, Weirdness & Mutations

You cannot wear boots.
Your serpentine skin is tough. (AC +0)
You have supernaturally acute eyesight. (SInv)
Armour fits poorly on your strangely shaped body.
Your system is resistant to poisons. (rPois)
You cover ground very slowly.
You can spit poison.


Message History

The rat barely misses your crimson imp.
You swap places.
Your crimson imp hits the orc.
The orc wizard barely misses your crimson imp.
The orc closely misses your crimson imp.
The rat bites your crimson imp but does no damage.
Your crimson imp hits the rat.
The rat dies!
The orc wizard looks satisfied for a moment.
The orc hits your crimson imp.
The orc wizard hits your crimson imp with a +0 dagger.
Your crimson imp blinks!
The orc misses your crimson imp.
Your crimson imp blinks!
You swap places.
The orc wizard closely misses your crimson imp.
Your crimson imp blinks!
Your crimson imp disappears in a puff of smoke!
The orc wizard casts a spell at you. The puff of flame hits you!
You die... #..# ... ########..#### oo#

########............#
..#
.........######..##.#
..# ######..# #..##.#
..# #..# #..##.# ..#
#..# #..##.####.o#
#.^######@.§oo..oo†.#
#......†§.###.#####.##
##.#####..# #.........
#.# #..# #.#####.###
#.#####..###.#
#............#
####.##..##### #.##..#
#.....#


You could see 2 orc wizards and an orc.

Vanquished Creatures
  A giant cockroach (D:3)
  3 goblins
  A hobgoblin (D:1)
  5 bats
  2 frilled lizards
  2 kobolds (D:1)
  2 rats (D:1)
16 creatures vanquished.

Vanquished Creatures (collateral kills)
  A rat (D:3)
1 creature vanquished.

Vanquished Creatures (others)
  A rat (D:2)
1 creature vanquished.

Grand Total: 18 creatures vanquished

Notes
Turn   | Place    | Note
-------+----------+-------------------------------------------
     0 | D:1      | Forecaster the Naga Hedge Wizard began the quest for the
                  | Orb.
     0 | D:1      | Reached XP level 1. HP: 15/15 MP: 4/4
   502 | D:1      | Found a sparkling altar of Nemelex Xobeh.
   621 | D:1      | Reached XP level 2. HP: 22/22 MP: 1/6
  1057 | D:2      | Noticed an angel
  1058 | D:2      | Found a shimmering altar of Xom.
  1058 | D:2      | Found a glowing silver altar of Zin.
  1159 | D:2      | You fall into a shaft and drop 1 floor!
  1256 | D:3      | Learned a level 2 spell: Call Imp
  1266 | D:3      | HP: 1/22 [orc wizard/magic dart (8)]
  1273 | D:3      | Killed from afar by an orc wizard

Illustrated notes

Levels and vault maps discovered:
D:1:      eino_arrival_tree_alley, layout_basic,
          nemelex_xobeh_ov_fountains_minmay
D:2:      layout_loops_corners, grunt_temple_overflow_order_and_chaos_1,
          uniq_sigmund, uniq_terence
D:3:      layout_loops_ring, kennysheep_vampire_church, lemuel_crystal_altar

Action                   || total
-------------------------++-------
Melee: Dagger            ||    11
 Cast: Magic Dart        ||    40
       Call Imp          ||     2
Armor: Robe              ||     5
Dodge: Dodged            ||    13

Table legend: (Time is in decaauts)
 A = Elapsed time spent in this place.
 B = Non-inter-level travel time spent in this place.
 C = Inter-level travel time spent in this place.
 D = Time resting spent in this place.
 E = Time spent auto-exploring this place.
 F = Levels seen in this place.
 G = Mean time per level.
                   A        B        C        D        E       F      G
               +--------+--------+--------+--------+--------+-----+--------+
         Total |   1525 |   1474 |     51 |      0 |   1331 |   3 |  508.3 |
       Dungeon |   1525 |   1474 |     51 |      0 |   1331 |   3 |  508.3 |
               +--------+--------+--------+--------+--------+-----+--------+

Top non-repeatable levels by time:
     D:1: 1221 daAuts
     D:2: 174 daAuts
     D:3: 129 daAuts
